 Dungeon Crawl Stone Soup version 0.19.1 (webtiles) character file.

4493 Krapule the Caller (level 10, -7/76 HPs)
             Began as a Mummy Summoner on Dec 5, 2016.
             Was an Initiate of Gozag.
             Mangled by a spiny frog (14 damage)
             ... on level 1 of the Lair of Beasts on Dec 6, 2016.
             The game lasted 01:12:38 (14158 turns).

Krapule the Caller (Mummy Summoner)                Turns: 14158, Time: 01:12:42

Health: -7/76      AC: 10    Str: 11    XL:     10   Next: 16%
Magic:  13/17      EV: 15    Int: 18    God:    Gozag
Gold:   362        SH:  0    Dex: 13    Spells: 5 memorised, 5 levels left

rFire  . . .     SeeInvis .     b - +6 spear
rCold  + + .     Gourm    .     d - +0 robe {rC+ rF+}
rNeg   + + +     Faith    .     (no shield)
rPois  ∞         Spirit   .     c - +2 helmet
rElec  .         Reflect  .     (no cloak)
rCorr  .         Harm     .     k - +1 pair of gloves
MR     +....                    j - +2 pair of boots
Stlth  ++........               (no amulet)
                                (no ring)
                                (no ring)

@: no status effects
A: no food or potions, fire vulnerability, cold resistance 1, negative energy
resistance 3, torment resistance, unbreathing
a: Potion Petition, Call Merchant, Bribe Branch, Renounce Religion


You were on level 1 of the Lair of Beasts.
You worshipped Gozag.
Gozag was aware of your devotion.
You were not hungry.

You visited 3 branches of the dungeon, and saw 10 of its levels.

You collected 477 gold pieces.
You paid 115 gold pieces to Gozag.

Inventory:

Hand Weapons
 a - a +0 trident of venom
 b - a +6 spear (weapon)
Armour
 c - a +2 helmet (worn)
 d - a +0 robe of resistance (worn)
 j - a +2 pair of boots (worn)
 k - a +1 pair of gloves (worn)
Jewellery
 i - an uncursed amulet of faith
Scrolls
 e - a scroll of fear
 f - 2 scrolls of teleportation
 g - a scroll of recharging
 h - 4 scrolls of remove curse
 l - 3 scrolls of magic mapping
 m - 4 scrolls of amnesia {unknown}
 n - a scroll of noise {unknown}
 o - 2 scrolls of enchant armour {unknown}
 q - a scroll of immolation {unknown}
 r - a scroll of acquirement {unknown}
 u - 2 scrolls of blinking {unknown}
 w - a scroll of fog
Books
 p - a book of Callings

   Spells                             Type                      Level
   a - Summon Small Mammal            Summoning                    1
   b - Call Imp                       Summoning                    2
   c - Call Canine Familiar           Summoning                    3
   d - Summon Guardian Golem          Hexes/Summoning              3
   e - Summon Lightning Spire         Summoning/Air                4
   f - Summon Ice Beast               Ice/Summoning                4
 t - a book of Misfortune

   Spells                             Type                      Level
   a - Confusing Touch                Hexes                        1
   b - Confuse                        Hexes                        3
   c - Gell's Gravitas                Hexes/Translocation          3
   d - Petrify                        Transmutation/Earth          4
   e - Metabolic Englaciation         Hexes/Ice                    5
   f - Yara's Violent Unravelling     Hexes/Transmutation          5
 v - a book of Maledictions

   Spells                             Type                      Level
   a - Corona                         Hexes                        1
   b - Ensorcelled Hibernation        Hexes/Ice                    2
   c - Confuse                        Hexes                        3
   d - Tukima's Dance                 Hexes                        3
   e - Dazzling Spray                 Conjuration/Hexes            3


   Skills:
 + Level 6.0 Fighting
 + Level 3.9 Polearms
 + Level 5.5 Dodging
 - Level 2.0 Stealth
 - Level 5.0 Spellcasting
 * Level 7.9 Summonings
 - Level 3.0 Ice Magic
 + Level 0.5 Air Magic


You had 5 spell levels left.
You knew the following spells:

 Your Spells              Type           Power        Failure   Level  Hunger
a - Summon Small Mammal   Summ           ####         1%          1    N/A
e - Call Canine Familiar  Summ           ####....     1%          3    N/A
q - Summon Lightning Spi  Summ/Air       ###.....     24%         4    N/A
r - Summon Ice Beast      Ice/Summ       ###.....     17%         4    N/A
z - Call Imp              Summ           ####....     1%          2    N/A

Dungeon Overview and Level Annotations

Branches:
Dungeon (8/15)             Temple (1/1) D:7            Lair (1/6) D:8

Altars:
Ashenzari
Cheibriados
Dithmenos
Elyvilon
Fedhas
Gozag
Hepliaklqana
Kikubaaqudgha
Makhleb
Nemelex Xobeh
Okawaru
Sif Muna
Trog
Vehumet
Xom
Yredelemnul
Zin
The Shining One


Innate Abilities, Weirdness & Mutations

You do not eat or drink.
Your flesh is vulnerable to fire.
You are immune to poison.
Your flesh is cold resistant. (rC+)
You are immune to negative energy. (rN+++)
You are immune to unholy pain and torment.
You can survive without breathing.


Message History

* * * LOW HITPOINT WARNING * * *
Your ice beast hits the spiny frog.
Your ice beast freezes the spiny frog.
The spiny frog stings you but does no damage.
The spiny frog misses you.
Casting: Summon Ice Beast
Confirm with . or Enter, or press ? or * to list all spells.
A beastly little devil appears in a puff of flame.
The spiny frog stings you.
* * * LOW HITPOINT WARNING * * *
Your ice beast closely misses the spiny frog.
You swap places.
Your crimson imp closely misses the spiny frog.
You can't drink.
The spiny frog stings you!
* * * LOW HITPOINT WARNING * * *
Your crimson imp barely misses the spiny frog.
Your ice beast closely misses the spiny frog.
The spiny frog stings you!
You die...
Your body crumbles into a pile of gold.

#.....#
#.....#
###
##.....##
##....#
#.......#
######
#...<...#
#.......#
#......##
#..Y5..#
##.F..##
#..@.#
##..##
####


You could see a spiny frog, a friendly ice beast and a friendly crimson imp.

Vanquished Creatures
  An elephant (D:7)
  A komodo dragon (Lair:1)
  A hippogriff (D:7)
  4 hogs (D:7)
  A human (D:7)
  A yak (D:8)
  An ice beast (D:5)
  An ogre (D:7)
  A crocodile (Lair:1)
  A bullfrog (D:7)
  A big kobold (D:8)
  A water moccasin zombie (D:7)
  A scorpion (D:5)
  4 killer bees (D:7)
  A wight (D:8)
  4 electric eels (D:7)
  A bullfrog skeleton (D:4)
  A bullfrog zombie (D:7)
  2 jellies
  2 orc wizards
  A gnoll shaman (D:8)
  2 orc priests (D:4)
  2 iguanas
  Natasha (D:3)
  2 worker ants
  2 hound zombies
  A hound skeleton (D:5)
  A worker ant zombie (D:7)
  5 gnolls
  4 adders
  2 oozes
  An adder zombie (D:7)
  A worm (D:6)
  A dart slug (D:2)
  A leopard gecko (D:7)
  7 orcs
  6 bats
  4 giant cockroaches
  5 goblins
  4 hobgoblins
  7 jackals
  4 quokkas
  A frilled lizard (D:3)
  7 kobolds
  A quokka zombie (D:7)
  4 rats
108 creatures vanquished.

Vanquished Creatures (collateral kills)
  A hydra (Lair:1)
  Grinder (D:4)
  A wyvern (D:8)
  Menkaure (D:4)
  An orc warrior (D:7)
  An ice beast (D:7)
  A necrophage (D:7)
  A phantom (D:5)
  2 ogres
  4 centaurs
  A crocodile (D:8)
  A bullfrog (D:6)
  3 scorpions
  A killer bee (D:7)
  5 wights
  An electric eel (D:7)
  2 howler monkeys (D:5)
  A crimson imp (D:7)
  3 jellies
  5 hounds
  2 orc priests
  A gnoll shaman (D:7)
  2 orc wizards
  2 iguanas (D:4)
  Natasha (twice) (D:3)
  A hound zombie (D:6)
  Robin (D:2)
  4 worker ant zombies
  A howler monkey skeleton (D:6)
  3 adders
  5 gnolls
  A shadow imp (D:3)
  An adder skeleton (D:7)
  4 worms
  A dart slug (D:3)
  4 leopard geckos
  15 orcs
  A ball python (D:4)
  2 giant cockroaches
  10 goblins
  2 hobgoblins (D:2)
  6 jackals
  2 bats
  2 frilled lizards
  12 kobolds
  A quokka skeleton (D:4)
  3 rats
128 creatures vanquished.

Vanquished Creatures (others)
  A plant (Lair:1)
  A withered plant (D:7)
2 creatures vanquished.

Grand Total: 238 creatures vanquished

Notes
Turn   | Place    | Note
-------+----------+-------------------------------------------
     0 | D:1      | Krapule the Mummy Summoner began the quest for the Orb.
     0 | D:1      | Reached XP level 1. HP: 13/13 MP: 3/3
   508 | D:1      | Reached XP level 2. HP: 12/19 MP: 1/5
   550 | D:1      | Learned a level 2 spell: Call Imp
  1614 | D:2      | Reached XP level 3. HP: 25/25 MP: 0/6
  1999 | D:2      | Noticed Robin
  2016 | D:2      | Reached skill level 1 in Fighting
  2019 | D:2      | Killed Robin
  2189 | D:2      | Found a glowing golden altar of the Shining One.
  2189 | D:2      | Found a shattered altar of Ashenzari.
  2190 | D:2      | Found a shimmering altar of Xom.
  2240 | D:2      | Reached XP level 4. HP: 29/32 MP: 4/8
  2529 | D:3      | Learned a level 3 spell: Call Canine Familiar
  2815 | D:3      | Noticed Natasha
  2881 | D:3      | Killed Natasha
  3156 | D:3      | Noticed Natasha
  3192 | D:3      | Killed Natasha
  3396 | D:3      | Noticed Natasha
  3403 | D:3      | Killed Natasha
  3403 | D:3      | Reached XP level 5. HP: 13/37 MP: 5/9
  3881 | D:4      | Noticed Grinder
  3916 | D:4      | Reached skill level 4 in Summonings
  4159 | D:4      | Noticed Menkaure
  4175 | D:4      | Killed Menkaure
  4175 | D:4      | Reached XP level 6. HP: 45/45 MP: 1/11
  4510 | D:4      | Found a sparkling altar of Nemelex Xobeh.
  4779 | D:4      | Killed Grinder
  4779 | D:4      | Reached XP level 7. HP: 51/51 MP: 0/12
  4925 | D:5      | Entered Level 5 of the Dungeon
  5202 | D:5      | Reached skill level 5 in Summonings
  6396 | D:5      | Reached XP level 8. HP: 53/60 MP: 6/14
  6619 | D:5      | Reached skill level 1 in Polearms
  6808 | D:6      | Learned a level 4 spell: Summon Ice Beast
  6980 | D:6      | Found a glowing silver altar of Zin.
  7488 | D:7      | Reached skill level 6 in Summonings
  7563 | D:7      | Reached skill level 1 in Ice Magic
  8000 | D:7      | Found a shattered altar of Ashenzari.
  8804 | D:8      | Noticed a hippogriff
  9104 | D:7      | Killed a hippogriff
  9278 | D:8      | Reached XP level 9. HP: 66/66 MP: 12/16
  9345 | D:8      | Noticed an elephant
  9996 | D:8      | Found a staircase to the Lair.
 10102 | D:8      | Reached skill level 5 in Spellcasting
 10432 | D:8      | Reached skill level 5 in Fighting
 11009 | D:7      | Killed an elephant
 11009 | D:7      | Reached skill level 7 in Summonings
 11060 | D:7      | Reached skill level 5 in Dodging
 11636 | D:7      | Found a shadowy altar of Dithmenos.
 12414 | D:7      | Found a staircase to the Ecumenical Temple.
 12488 | Temple   | Entered the Ecumenical Temple
 12597 | Temple   | Became a worshipper of Gozag Ym Sagoz the Greedy
 13362 | D:8      | Learned a level 4 spell: Summon Lightning Spire
 13365 | Lair:1   | Entered Level 1 of the Lair of Beasts
 13367 | Lair:1   | Noticed a komodo dragon
 13374 | Lair:1   | Reached XP level 10. HP: 74/76 MP: 13/17
 13916 | Lair:1   | Noticed an eight-headed hydra
 13953 | Lair:1   | Killed an eight-headed hydra
 14111 | Lair:1   | Noticed a spiny frog
 14158 | Lair:1   | Mangled by a spiny frog

Skill      XL: |  1  2  3  4  5  6  7  8  9 10 |
---------------+-------------------------------+-----
Stealth        | 2 |  2.0
Dodging        | 2 3 4 5 |  5.5
Fighting       | 1 2 3 4 5 6 |  6.0
Spellcasting   | 3 4 5 |  5.0
Summonings     | 4 5 6 7 |  7.9
Polearms       | 2 3 |  3.9
Ice Magic      | 1 3 |  3.0
Air Magic      | |  0.5

Action                   |  1- 3 |  4- 6 |  7- 9 | 10-12 || total
-------------------------+-------+-------+-------+-------++-------
Melee: Club              |    56 |       |       |       ||    56
       Unarmed           |     4 |       |       |       ||     4
       Short sword       |    54 |     8 |       |       ||    62
       Mace              |       |    84 |       |       ||    84
       Trident           |       |       |   256 |    13 ||   269
       Long sword        |       |       |     2 |       ||     2
       Spear             |       |       |   239 |     4 ||   243
 Cast: Summon Small Mamm |    28 |     8 |     8 |       ||    44
       Call Imp          |    20 |    22 |    57 |     2 ||   101
       Call Canine Famil |       |    15 |    68 |     2 ||    85
       Summon Ice Beast  |       |       |    14 |     2 ||    16
       Summon Lightning  |       |       |       |     1 ||     1
  Use: Scroll            |       |     5 |     5 |       ||    10
 Stab: Sleeping          |     3 |     3 |     2 |       ||     8
       Distracted        |     1 |     1 |    12 |       ||    14
Armor: Robe              |    52 |    35 |   188 |     3 ||   278
Dodge: Dodged            |    99 |    48 |   357 |    11 ||   515
